 Dungeon Crawl Stone Soup version 0.16.1-16-gc44b35d (webtiles) character file.

625685 Ladykiller69 the Executioner (level 27, -1/248 (250) HPs)
             Began as a Formicid Fighter on Apr 12, 2015.
             Was the Champion of Cheibriados.
             Splashed by an oklob plant's acid (8 damage)
             ... on level 13 of a ziggurat on Apr 17, 2015.
             The game lasted 05:48:36 (47995 turns).

Ladykiller69 the Executioner (Formicid Fighter)    Turns: 47995, Time: 05:48:38

HP:   -1/248 (250)  AC:  7    Str: 47    XL:     27
MP:   32/40         EV: 29    Int: 25    God:    Cheibriados [******]
Gold: 6423          SH: 27    Dex: 31    Spells: 12 memorised, 3 levels left

rFire  + . .     SeeInvis +     M - +9 executioner's axe (chop)
rCold  + . .     Clarity  .     y - +7 gold dragon armour
rNeg   + + +     SustAb   .     X - +0 large shield {reflect}
rPois  +         Gourm    +     (helmet unavailable)
rElec  +         Spirit   .     t - +0 cloak {MR+}
rCorr  .         Warding  .     B - +2 pair of fencer's gloves {EV+3 Dex+6 Slay+2}
rMut   .         Stasis   +     a - +2 pair of boots
MR     +++..                    h - amulet "Jefoisch" {Gourm +Inv rElec rN++ Str-2}
Stlth  ..........               (no ring)
                                b - ring of Utatemp {rElec rN+ EV-3 Str+2} (curse)

@: corroded equipment, very slow, extremely resistant to hostile enchantments,
extremely unstealthy
A: permanent stasis, dig shafts and tunnels, four strong arms, antennae 3, thin
metallic scales 1, robust 1, MP-powered wands 1
a: Dig, Shaft Self, Bend Time, Temporal Distortion, Slouch, Step From Time,
Renounce Religion, Evoke Invisibility
}: 4/15 runes: barnacled, silver, abyssal, gossamer


You were on level 13 of a ziggurat.
You worshipped Cheibriados.
Cheibriados was exalted by your worship.
You were full.

You visited 9 branches of the dungeon, and saw 51 of its levels.
You visited the Abyss 2 times.
You visited 1 bazaar.
You visited 1 ziggurat, and saw 13 of its levels.
You also visited: Wizlab.

You collected 7138 gold pieces.
You spent 715 gold pieces at shops.

Inventory:

Hand weapons
 M - a +9 executioner's axe of chopping (weapon)
Missiles
 c - 31 javelins
 k - 15 throwing nets
 u - 7 silver javelins
 v - 6 javelins of penetration
 A - 8 javelins of returning
 C - 5 silver tomahawks
 S - 119 tomahawks (quivered)
 U - 6 steel javelins
Armour
 a - a +2 pair of boots (worn)
 t - a +0 cloak of magic resistance (worn)
 y - a +7 gold dragon armour (worn)
 B - the +2 pair of fencer's gloves (worn) {EV+3 Dex+6 Slay+2}
   (You found it on level 3 of the Elven Halls)

   It affects your evasion (+3).
   It affects your dexterity (+6).
   It affects your accuracy and damage with ranged weapons and melee attacks
   (+2).
 X - a +0 large shield of reflection (worn)
Rods
 x - a +9 rod of clouds (9/9)
   (You found it in a wizard's laboratory)
Jewellery
 b - the cursed ring of Utatemp (left hand) {rElec rN+ EV-3 Str+2}
   (You found it on level 11 of a ziggurat)

   [ring of evasion]

   It affects your evasion (-3).
   It affects your strength (+2).
   It insulates you from electricity.
   It protects you from negative energy.
   It has a curse placed upon it.
 h - the amulet "Jefoisch" (around neck) {Gourm +Inv rElec rN++ Str-2}
   (You took it off a deep elf demonologist on level 3 of the Elven Halls)

   [amulet of the gourmand]

   It allows you to eat raw meat even when not hungry.
   It affects your strength (-2).
   It insulates you from electricity.
   It greatly protects you from negative energy.
   It lets you turn invisible.
 w - the amulet of the Four Winds {Clar rN+ MR+++}
   (You found it on level 5 of a ziggurat)

   [amulet of clarity]

   It provides mental clarity.
   It protects you from negative energy.
   It affects your resistance to hostile enchantments.
 H - the ring "Pigruaqu" {rF+ rC+ Dex+4}
   (You found it on level 1 of the Elven Halls)

   [ring of protection from cold]

   It affects your dexterity (+4).
   It protects you from fire.
   It protects you from cold.
 I - an uncursed ring of protection from cold
 R - the ring "Prisho" {SustAb rN+ MR+ Str+7 Dex-5 Slay+2}
   (You found it on level 6 of a ziggurat)

   [ring of sustain abilities]

   It sustains your strength, intelligence and dexterity.
   It affects your strength (+7).
   It affects your dexterity (-5).
   It affects your accuracy and damage with ranged weapons and melee attacks
   (+2).
   It protects you from negative energy.
   It affects your resistance to hostile enchantments.
 W - an uncursed ring of protection from fire
Magical devices
 T - a wand of fireball (3)
Scrolls
 i - 8 scrolls of magic mapping
 j - 3 scrolls of summoning
 m - 11 scrolls of remove curse
 n - 24 scrolls of identify
 p - 3 scrolls of holy word
 q - 8 scrolls of fog
 D - 4 scrolls of fear
 L - 11 scrolls of amnesia
 O - 8 scrolls of recharging
 Y - 2 scrolls of silence
Potions
 e - 2 potions of cure mutation
 f - 14 potions of curing
 g - 7 potions of agility
 l - 6 potions of brilliance
 s - 8 potions of might
 z - 4 potions of resistance
 E - 6 potions of heal wounds
 F - 5 potions of ambrosia
 G - 2 potions of flight
 K - a potion of invisibility
 N - 3 potions of restore abilities
 V - 2 potions of cancellation
 Z - a potion of lignification
Books
 P - an Akashic Record {highlevel, unknown}

   This book is beyond your current level of understanding.

   Spells                             Type                      Level
   a - Dispersal                      Translocation                6
   b - Controlled Blink               Translocation                7
   c - Malign Gateway                 Summoning/Translocation      7
   d - Disjunction                    Translocation                8
   e - Singularity                    Translocation                9
Miscellaneous
 Q - 3 phantom mirrors
Comestibles
 d - 19 bread rations
 o - 22 meat rations
 J - 7 royal jellies


   Skills:
 + Level 21.3 Fighting
 - Level 26.0 Axes
 + Level 6.4 Throwing
 + Level 21.7 Armour
 + Level 18.1 Dodging
 - Level 15.0 Shields
 + Level 5.6 Spellcasting
 + Level 7.0 Translocations
   Level 6.0 Earth Magic
 - Level 14.3 Invocations


You had 3 spell levels left.
You knew the following spells:

 Your Spells              Type           Power        Failure   Level  Hunger
a - Flight                Chrm/Air       #.........   91%         3    #......
b - Repel Missiles        Chrm/Air       #.....       58%         2    None
c - Apportation           Tloc           #####.....   1%          1    None
d - Shroud of Golubria    Chrm/Tloc      ###.......   14%         2    None
e - Portal Projectile     Tloc           #####.       6%          3    #......
f - Regeneration          Chrm/Necr      #.........   91%         3    #......
g - Summon Butterflies    Summ           #.......     38%         1    None
h - Phase Shift           Tloc           #####.....   47%         5    #####..
i - Spectral Weapon       Hex/Chrm       #.......     91%         3    #......
j - Cure Poison           Pois           #.........   58%         2    None
k - Passage of Golubria   Tloc           N/A          17%         4    ###....
l - Gell's Gravitas       Hex/Tloc       ###.......   99%         5    #####..


Dungeon Overview and Level Annotations

Branches:
Dungeon (15/15)            Temple (1/1) D:7            Lair (8/8) D:9
 Shoals (5/5) Lair:6       Spider (5/5) Lair:5        Slime (0/6) Lair:8
    Orc (4/4) D:10            Elf (3/3) Orc:3        Vaults (5/5) D:14
  Crypt (0/3) Vaults:2     Depths (5/5) D:15            Zot (0/5) Depths:5

Altars:
Ashenzari
Cheibriados
Dithmenos
Elyvilon
Fedhas
Gozag
Kikubaaqudgha
Makhleb
Nemelex Xobeh
Okawaru
Qazlal
Ru
Sif Muna
Trog
Vehumet
Xom
Yredelemnul
Zin
The Shining One

Shops:
Orc:4 (:(=(   Elf:1 (   Elf:2 !   Elf:3 [   Shoals:1 ?   Vaults:1 (
Vaults:4 *   Vaults:5 %!%   Depths:3 ?

Portals:
Hell: Depths:1 Depths:2 Depths:3 Depths:4 Depths:5
Abyss: Depths:2 Depths:5
Pandemonium: Depths:1 Depths:3 Depths:5

Annotations:
D:3 giann's ghost, average DDNe
D:14 exclusion: door
D:15 Josephine
Lair:5 exclusion: oklob plant
Lair:8 exclusion: 2 oklob plants
Vaults:5 Highlevel book
Zig:13 exclusion: 6 oklob plants


Innate Abilities, Weirdness & Mutations

You are under a permanent stasis effect.
You can dig through walls and to a lower floor.
Your four strong arms can wield two-handed weapons with a shield.
You have a pair of large antennae on your head (SInv).
You are partially covered in thin metallic scales (AC +2).
You are robust (+10% HP).
You expend magic power (3 MP) to slightly strengthen your wands.


Message History

You slice the ettin like a ripe choko!!!
You kill the ettin!
Cheibriados appreciates the change of pace.
You slice the iron troll!!
You kill the iron troll!
Cheibriados appreciates the change of pace.
The moth of wrath goads the goblin on!
The goblin goes berserk!
The moth of wrath goads the goblin on!
The goblin goes berserk!
The orc rages.
The orc high priest gazes, communing with its divine master.
You block the orc high priest's attack.
The blue devil swoops through the air toward you!
The blue devil barely misses you.
The red devil hits you from afar with a vampiric demon trident.
* * * LOW HITPOINT WARNING * * *
The oklob plant spits acid at you. The splash of acid hits you!
* * * LOW HITPOINT WARNING * * *
The acid corrodes your equipment!
The acid burns!
You die...

▓▓▓▓▓▓▓ ▓▓.......
▓▓.........
▓▓....).)....
▓▓.....)()).))
▓▓......(PPP.).
▓▓.....)4.P.P...)
▓.∩.....@.4oP..))
▓▓.....()goPoP)))
▓▓......TC).).)
▓▓....o.[gy.))
▓▓.........).
▓▓.........
▓▓....... ▓▓▓▓▓▓▓


You could see an orc warlord, an iron troll, a stone giant, 6 oklob plants, an
orc high priest (frenzied), a moth of wrath, a blue devil, a red devil, 2 orcs
and 2 goblins.

Vanquished Creatures
  3 ancient liches
  3 pandemonium lords
  Mennas (Vaults:3)
  5 Killer Klowns (Zig:11)
  6 golden dragons
  2 bone dragons
  3 pearl dragons (Zig:8)
  Nikola (Spider:1)
  A hellephant (Zig:1)
  A Hell Sentinel (Zig:10)
  5 tentacled monstrosities
  5 titans
  A Shadow Fiend (Zig:10)
  3 liches
  3 quicksilver dragons
  3 deep elf blademasters
  An acid blob (Zig:10)
  2 deep elf master archers (Elf:3)
  7 tentacled starspawn
  An Executioner (Elf:3)
  2 krakens
  6 sphinxes
  Rupert (Vaults:3)
  Agnes (Elf:1)
  8 shadow dragons
  8 storm dragons
  7 tengu reavers (Vaults:5)
  Frances (Elf:2)
  An ancient champion (Vaults:3)
  2 draconian monks (Zig:9)
  A revenant (Abyss:5)
  Ilsuiw (Shoals:5)
  8 frost giants
  A daeva (Zig:8)
  An azure jelly (Zig:10)
  An iron dragon (Depths:4)
  16 vault wardens
  A black sun (Zig:10)
  10 fire giants
  An iron dragon (shapeshifter) (Zig:11)
  3 draconian knights
  Aizul (Shoals:2)
  Louise (Spider:3)
  A draconian scorcher (Zig:9)
  2 balrugs
  10 deep elf sorcerers
  11 emperor scorpions
  A draconian zealot (Zig:9)
  2 orc warlords
  6 spriggan defenders
  A cacodemon (Zig:10)
  6 ghost moths
  Jorgrun (Elf:3)
  3 angels (Zig:8)
  15 ironheart preservers
  3 draconian annihilators
  A blood saint (Zig:10)
  3 draconian shifters
  14 very ugly things
  38 stone giants
  2 grey draconians
  3 vampire knights
  7 war gargoyles
  An apis (Zig:8)
  A green draconian (Zig:9)
  2 black draconians (Depths:5)
  4 purple draconians
  11 deep elf annihilators
  A corrupter (Zig:10)
  8 deep elf demonologists
  5 dire elephants
  2 pale draconians (Zig:5)
  A white draconian (Depths:5)
  15 ettins
  Snorg (Lair:8)
  4 merfolk javelineers (Shoals:5)
  A crystal guardian (Vaults:4)
  A minotaur (Depths:5)
  A blizzard demon (Zig:11)
  6 deep elf death magi
  7 great orbs of eyes
  38 vault guards
  3 deep elf high priests
  10 merfolk impalers
  4 rakshasas
  9 hydras
  22 yaktaur captains
  Harold (D:13)
  4 spriggan air magi
  8 fire dragons
  6 statues (WizLab)
  A quicksilver dragon skeleton (Depths:4)
  A naga warrior (Abyss:5)
  7 ice dragons
  A hell beast (Zig:10)
  Nessos (D:13)
  2 catoblepae
  8 centaur warriors
  2 merfolk avatars (Shoals:5)
  3 merfolk aquamancers
  2 alligator snapping turtles
  12 deep troll earth magi
  2 ghost crabs (shapeshifter)
  22 dancing weapons
  15 ogre magi
  An alligator (Zig:7)
  2 satyrs (Shoals:5)
  9 tengu warriors
  5 hell hogs
  22 thrashing horrors
  38 death yaks
  A naga sharpshooter (Zig:4)
  3 soul eaters
  A titan zombie (Vaults:4)
  4 orc high priests
  A deep troll shaman (Depths:4)
  A shock serpent (shapeshifter) (Abyss:5)
  7 spriggan berserkers
  Nergalle (Lair:5)
  2 iron trolls (Zig:13)
  A shadow wraith (Vaults:4)
  4 sun demons
  A fire crab (shapeshifter) (Depths:1)
  28 deep elf knights
  9 wretched stars
  An iron troll (shapeshifter) (Zig:11)
  A fire crab (Vaults:2)
  2 cherubim (Zig:8)
  37 deep trolls
  8 hell knights
  A shadow demon (Abyss:5)
  16 large abominations
  13 deep elf summoners
  5 spatial maelstroms
  A swamp dragon (Zig:3)
  An ice devil (Elf:2)
  A death scarab (Zig:2)
  2 flayed ghosts
  8 giant orange brains
  14 sea snakes
  A tengu zombie (Zig:6)
  15 ironbrand convokers
  A shambling mangrove (Zig:3)
  12 unseen horrors
  4 wizards
  A lindwurm (Lair:5)
  A swamp dragon (shapeshifter) (Vaults:4)
  26 hill giants
  A harpy (shapeshifter) (Depths:1)
  9 necromancers
  34 ugly things
  A griffon (shapeshifter) (Depths:4)
  16 orc knights
  16 deep elf conjurers
  An anubis guard (Zig:2)
  28 wolf spiders
  3 wolf spiders (shapeshifter)
  3 fauns (Shoals:2)
  3 orc sorcerers
  14 harpies
  6 sixfirhies
  19 griffons
  2 oklob plants
  A sphinx skeleton (Vaults:4)
  A frost giant zombie (Vaults:5)
  A fire giant zombie (Vaults:4)
  A stone giant zombie (Vaults:4)
  18 orb spiders
  A shadow dragon skeleton (Vaults:4)
  9 water nymphs
  A shining eye (shapeshifter) (Zig:11)
  2 worldbinders
  19 manticores
  4 phantasmal warriors
  7 moths of wrath
  A cyclops (shapeshifter) (Vaults:5)
  2 tengu skeletons (Depths:3)
  11 hornets
  2 draconians (shapeshifter)
  14 cyclopes
  3 elephants (Lair:6)
  2 stone giant skeletons (Vaults:4)
  An iron dragon skeleton (Depths:4)
  A moth of wrath (shapeshifter) (Depths:1)
  3 apocalypse crabs
  4 centaur zombies
  5 rust devils
  6 black mambas
  6 sirens
  2 guardian serpents
  A frost giant skeleton (Vaults:4)
  A spriggan zombie (Depths:4)
  4 drowned souls (Shoals:5)
  A molten gargoyle (Depths:3)
  3 torpor snails
  A salamander (Abyss:5)
  17 vault sentinels
  A black mamba (shapeshifter) (Vaults:4)
  5 naga magi
  7 smoke demons
  Psyche (D:11)
  2 centaur skeletons (D:14)
  3 gargoyles
  2 elf skeletons
  10 spiny frogs
  5 hellwings
  8 komodo dragons
  60 yaktaurs
  A fire drake (Lair:7)
  A spriggan skeleton (Depths:3)
  3 tormentors
  A guardian mummy (Zig:2)
  A redback zombie (D:14)
  6 ancient zymes
  9 freezing wraiths
  2 tengu conjurers
  46 merfolk
  A wind drake (Shoals:1)
  3 efreet
  5 blue devils
  5 spriggan druids
  A red devil (Depths:3)
  27 deep elf priests
  16 blink frogs
  17 demonic crawlers
  2 giant leeches (Zig:7)
  A giant leech (shapeshifter) (Vaults:5)
  9 trolls
  A shadow dragon simulacrum (Vaults:5)
  A two-headed ogre (shapeshifter) (Depths:1)
  22 jumping spiders
  5 polar bears (Lair:8)
  2 elf zombies
  A hornet zombie (D:14)
  A raven (shapeshifter) (Depths:5)
  13 snapping turtles
  11 raiju
  18 slime creatures
  A wandering mushroom (Lair:8)
  A bog body (Zig:3)
  14 ravens
  4 basilisks
  9 boulder beetles
  5 air elementals
  5 jumping spider zombies (Spider:1)
  20 two-headed ogres
  7 small abominations
  23 starcursed masses
  2 vampires
  18 tarantellas
  3 wraiths
  20 water elementals
  A tarantella (shapeshifter) (Depths:3)
  24 trapdoor spiders
  33 spriggans
  47 redbacks
  31 yaks
  Eustachio (D:7)
  A steam dragon (shapeshifter) (Depths:1)
  33 deep elf magi
  2 yaks (shapeshifter)
  6 hippogriffs
  A hog (shapeshifter) (Vaults:3)
  3 shadows
  10 ynoxinuls
  2 wyverns (Lair:5)
  A hungry ghost (D:11)
  4 chaos spawn
  38 deep elf fighters
  15 vampire mosquitoes
  7 neqoxecs
  3 wargs
  7 nagas
  A soldier ant (shapeshifter) (Vaults:4)
  22 wolves
  4 human zombies
  A mottled dragon (D:14)
  2 spatial vortices
  15 water moccasins
  59 orc warriors
  4 hell hounds (Abyss:5)
  13 porcupines
  26 spiders
  A sky beast (D:5)
  3 swamp drakes (Zig:7)
  A black bear (Lair:8)
  7 phantoms
  12 wasps
  2 eyes of draining
  An ice beast (shapeshifter) (Vaults:3)
  70 ogres
  4 ice beasts
  14 crocodiles
  4 boggarts
  A boring beetle (shapeshifter) (Vaults:5)
  2 human skeletons (Vaults:2)
  2 brain worms
  2 big kobolds
  A boring beetle (Spider:3)
  30 centaurs
  A vampire mosquito zombie (Vaults:2)
  28 giant frogs
  An earth elemental (Abyss:5)
  A glowing shapeshifter simulacrum (Vaults:3)
  A wyvern skeleton (D:14)
  6 scorpions
  7 wights
  14 electric eels
  A quasit (D:8)
  A human simulacrum (Vaults:2)
  6 crimson imps
  2 goliath beetles
  14 iguanas
  6 iron imps
  18 orc priests
  15 hounds
  A giant frog skeleton (D:8)
  3 giant frog zombies
  A gnoll shaman (Zig:12)
  6 jellies
  32 orc wizards
  13 worker ants
  14 hell rats
  40 sheep
  Ijyb (D:4)
  An ogre zombie (Zig:12)
  Terence (D:2)
  4 mummies
  4 gnolls (D:4)
  A hound skeleton (D:4)
  30 adders
  38 river rats
  5 white imps
  7 giant mites
  2 shadow imps
  3 worms
  33 ufetubi
  2 adder skeletons
  243 orcs
  26 goblins
  19 hobgoblins
  7 jackals
  14 quokkas
  2 ball pythons (D:1)
  18 bats
  A bat (shapeshifter) (Vaults:5)
  3 giant cockroaches
  7 giant geckos
  3 giant newts
  A jackal zombie (D:6)
  18 kobolds
  A lurking horror (Abyss:5)
  2 orc zombies (Zig:12)
  2 quokka zombies
  37 rats
  2 ballistomycetes (D:14)
  5 bushes (Depths:3)
  4 crawling corpses
  16 fungi
  29 plants
  12 starspawn tentacles
  5 tentacles
  A tentacle segment (Shoals:4)
3035 creatures vanquished.

Vanquished Creatures (others)
  A shadow dragon (Vaults:5)
  An emperor scorpion (Spider:5)
  A warmonger (Zig:10)
  A stone giant (Zig:13)
  An ettin (Vaults:5)
  A vault guard (Vaults:4)
  A yaktaur captain (Vaults:5)
  A deep elf high priest (Vaults:5)
  A merfolk aquamancer (Shoals:5)
  A deep elf knight (Elf:1)
  An unseen horror (Vaults:1)
  A large abomination (Abyss:5)
  3 drowned souls (Shoals:5)
  A yaktaur (Vaults:5)
  A freezing wraith (Vaults:3)
  2 deep elf priests
  A trapdoor spider (Spider:1)
  An ogre (Vaults:2)
  6 lost souls
  An orc wizard (Vaults:5)
  A hound (D:12)
  A white imp (Abyss:3)
  2 ufetubi (Depths:3)
  A jackal (D:9)
  A giant spore (D:14)
  2 lurking horrors
  13 bushes (Depths:3)
  A crawling corpse (Vaults:5)
  3 fungi
  9 plants
  7 starspawn tentacles
  128 starspawn tentacle segments
  20 tentacles
  379 tentacle segments
596 creatures vanquished.

Grand Total: 3631 creatures vanquished

Notes
Turn   | Place    | Note
--------------------------------------------------------------
     0 | D:1      | Ladykiller69, the Formicid Fighter, began the quest for the Orb.
     0 | D:1      | Reached XP level 1. HP: 18/18 MP: 1/1
   224 | D:1      | Reached XP level 2. HP: 24/24 MP: 3/3
   858 | D:2      | Noticed Terence
   870 | D:2      | Killed Terence
   870 | D:2      | Reached XP level 3. HP: 27/30 MP: 4/4
   901 | D:2      | Reached skill level 4 in Shields
   942 | D:2      | Reached XP level 4. HP: 35/37 MP: 5/5
  1261 | D:2      | Found a white marble altar of Elyvilon.
  1493 | D:3      | Reached XP level 5. HP: 34/42 MP: 7/7
  1819 | D:3      | Found a sparkling altar of Nemelex Xobeh.
  1917 | D:3      | Reached skill level 5 in Shields
  1965 | D:3      | Noticed giann's ghost (average DDNe)
  2097 | D:3      | Reached XP level 6. HP: 48/48 MP: 8/8
  2504 | D:4      | Noticed Ijyb
  2511 | D:4      | Killed Ijyb
  2511 | D:4      | Reached skill level 6 in Shields
  2511 | D:4      | Reached XP level 7. HP: 48/54 MP: 9/9
  2645 | D:4      | Reached skill level 5 in Axes
  2801 | D:4      | Found a sacrificial altar of Ru.
  2893 | D:4      | Reached skill level 7 in Shields
  2937 | D:5      | Entered Level 5 of the Dungeon
  2944 | D:5      | Found a stormy altar of Qazlal.
  3197 | D:4      | Reached XP level 8. HP: 33/60 MP: 11/11
  3589 | D:4      | Reached skill level 8 in Shields
  4141 | D:5      | You fall through a shaft for 2 floors!
  4368 | D:7      | Noticed Eustachio
  4421 | D:6      | Found a shattered altar of Ashenzari.
  4577 | D:5      | You fall through a shaft for 2 floors!
  4881 | D:7      | Noticed a spriggan baker
  4888 | D:7      | Killed a spriggan baker
  4888 | D:7      | Reached skill level 9 in Shields
  4888 | D:7      | Reached XP level 9. HP: 55/65 MP: 12/12
  5045 | D:5      | You fall through a shaft for 2 floors!
  5562 | D:6      | Found an ancient bone altar of Kikubaaqudgha.
  5569 | D:6      | Found a radiant altar of Vehumet.
  5648 | D:5      | You fall through a shaft!
  5688 | D:6      | You fall through a shaft!
  5762 | D:7      | You fall through a shaft for 3 floors!
  5762 | D:10     | Entered Level 10 of the Dungeon
  5982 | D:10     | Noticed a troll
  5986 | D:10     | You fall through a shaft for 3 floors!
  5986 | D:13     | Noticed Nessos
  5990 | D:13     | You fall through a shaft!
  6011 | D:14     | Reached skill level 10 in Shields
  6268 | D:14     | Gained mutation: You are robust (+10% HP). [potion of mutation]
  6268 | D:14     | Gained mutation: You are partially covered in thin metallic scales (AC +2). [potion of mutation]
  6268 | D:14     | Gained mutation: You are clumsy. (Dex -2) [potion of mutation]
  6621 | D:14     | Reached skill level 11 in Shields
  6814 | D:14     | Noticed a griffon
  6817 | D:14     | You fall through a shaft!
  6817 | D:15     | Entered Level 15 of the Dungeon
  6825 | D:15     | Noticed a centaur warrior
  6837 | D:15     | Killed a centaur warrior
  6837 | D:15     | Reached XP level 10. HP: 61/78 MP: 13/13
  6981 | D:15     | Noticed an unseen horror
  7025 | D:15     | Reached skill level 10 in Axes
  7030 | D:15     | Reached skill level 12 in Shields
  7140 | D:14     | Noticed a tengu warrior
  7238 | D:14     | You fall through a shaft!
  7537 | D:14     | Noticed a purple ugly thing
  7661 | D:15     | Noticed a centaur zombie
  7676 | D:15     | Killed a centaur zombie
  7800 | D:15     | Noticed Josephine
  7979 | D:15     | Killed an unseen horror
  7979 | D:15     | Reached skill level 13 in Shields
  7979 | D:15     | Reached XP level 11. HP: 75/84 MP: 15/15
  8127 | D:14     | Noticed a hill giant
  8323 | D:13     | Noticed a gargoyle
  8338 | D:13     | Killed a gargoyle
  8473 | D:13     | You fall through a shaft for 2 floors!
  8739 | D:15     | Noticed an eight-headed hydra
  8873 | D:14     | Noticed an efreet
  9464 | D:10     | Noticed a hill giant
  9583 | D:8      | Reached skill level 14 in Shields
  9691 | D:8      | Got a twisted whip
  9742 | D:7      | Identified the +4 whip of Premature Burial {flame, rC++ Int+4} (You found it on level 8 of the Dungeon)
 10112 | D:6      | Identified the Catalogue of Attacks
 10733 | D:7      | Found a staircase to the Ecumenical Temple.
 10776 | Temple   | Entered the Ecumenical Temple
 10815 | Temple   | Became a worshipper of Cheibriados the Contemplative
 10980 | D:7      | Killed Eustachio
 11105 | D:8      | Reached skill level 1 in Dodging
 11226 | D:8      | Found a shimmering altar of Xom.
 11238 | D:8      | Acquired Cheibriados' first power
 11368 | D:9      | Found a staircase to the Lair.
 11379 | D:9      | You fall through a shaft!
 11379 | D:10     | Noticed a hill giant
 11382 | D:10     | You fall through a shaft for 2 floors!
 11581 | D:12     | Found a large runed door.
 11581 | D:12     | Found a large runed door.
 11581 | D:12     | Noticed an orc knight
 11582 | D:12     | Noticed an unseen horror
 11586 | D:12     | Noticed a white ugly thing
 11670 | D:12     | Reached skill level 5 in Armour
 11734 | D:11     | Reached XP level 12. HP: 84/92 MP: 16/16
 11934 | D:9      | Reached skill level 5 in Fighting
 12237 | D:9      | Found an opulent altar of Gozag.
 12458 | D:10     | Found a staircase to the Orcish Mines.
 12480 | Orc:1    | Entered Level 1 of the Orcish Mines
 12490 | D:10     | Acquired Cheibriados' second power
 12807 | Orc:2    | Acquired Cheibriados' third power
 12893 | Orc:3    | Reached skill level 1 in Invocations
 12947 | Orc:4    | Entered Level 4 of the Orcish Mines
 13071 | Orc:3    | Found a staircase to the Elven Halls.
 13101 | Orc:2    | Acquired Cheibriados' fourth power
 13711 | D:10     | Noticed a troll
 13714 | D:10     | Killed a troll
 13766 | D:10     | Killed a hill giant
 13897 | D:10     | Killed a troll
 14157 | Orc:4    | Found Kihyokho's Weapon Boutique.
 14298 | Orc:4    | Noticed a centaur warrior
 14311 | Orc:4    | Killed a centaur warrior
 14311 | Orc:4    | Reached skill level 15 in Shields
 14354 | Orc:4    | Reached XP level 13. HP: 99/104 MP: 20/22
 14368 | Orc:4    | Found Gruog's Jewellery Emporium.
 14368 | Orc:4    | Found Kouzan Thram's Weapon Boutique.
 14371 | Orc:4    | Found Geanism's Book Shop.
 14373 | Orc:4    | Found Acimahag's Weapon Shoppe.
 14735 | D:11     | Noticed Psyche
 14748 | D:11     | Killed Psyche
 14792 | D:11     | Reached skill level 5 in Invocations
 14908 | D:11     | Noticed a six-headed hydra
 14911 | D:11     | You fall through a shaft for 2 floors!
 15002 | D:12     | Killed a white ugly thing
 15023 | D:12     | Killed an unseen horror
 15038 | D:12     | Found a snail-covered altar of Cheibriados.
 15038 | D:12     | Noticed a deep troll earth mage
 15040 | D:12     | Killed a deep troll earth mage
 15043 | D:12     | Found a burning altar of Makhleb.
 15043 | D:12     | Noticed a phantasmal warrior
 15048 | D:12     | Killed a phantasmal warrior
 15229 | D:12     | Reached skill level 5 in Dodging
 15238 | D:12     | Noticed an unseen horror
 15243 | D:12     | Killed an unseen horror
 15261 | D:12     | Noticed a red ugly thing
 15266 | D:12     | Killed a red ugly thing
 15396 | D:11     | Noticed a hill giant
 15399 | D:11     | Noticed a brown ugly thing
 15404 | D:11     | Killed a hill giant
 15406 | D:11     | Killed a brown ugly thing
 15474 | D:11     | You fall through a shaft for 2 floors!
 15474 | D:13     | Noticed Harold
 15486 | D:13     | Noticed a green ugly thing
 15487 | D:13     | Killed Harold
 15497 | D:13     | Killed a green ugly thing
 15650 | D:13     | Noticed a manticore
 15654 | D:13     | Killed a manticore
 15713 | D:13     | Killed Nessos
 15890 | D:13     | Noticed a hill giant
 15894 | D:13     | Killed a hill giant
 16107 | D:14     | Noticed a hill giant
 16115 | D:14     | Killed a hill giant
 16115 | D:14     | Reached XP level 14. HP: 109/116 MP: 27/27
 16154 | D:14     | Noticed a hill giant
 16160 | D:14     | Noticed a troll
 16164 | D:14     | Killed a hill giant
 16169 | D:14     | Noticed an unseen horror
 16172 | D:14     | Killed a troll
 16178 | D:14     | Killed an unseen horror
 16217 | D:14     | Noticed a gargoyle
 16223 | D:14     | Killed a gargoyle
 16326 | D:14     | Killed an efreet
 16332 | D:14     | Noticed a hill giant
 16337 | D:14     | Killed a hill giant
 16405 | D:14     | Killed a hill giant
 16450 | D:14     | Noticed a centaur skeleton
 16451 | D:14     | Noticed a vault guard
 16452 | D:14     | Noticed a centaur skeleton
 16452 | D:14     | Noticed a cyclops
 16455 | D:14     | Noticed a centaur zombie
 16462 | D:14     | Killed a centaur skeleton
 16463 | D:14     | Killed a centaur skeleton
 16466 | D:14     | Noticed a tengu warrior
 16467 | D:14     | Killed a cyclops
 16468 | D:14     | Killed a vault guard
 16470 | D:14     | Killed a centaur zombie
 16471 | D:14     | Noticed a vault guard
 16482 | D:14     | Killed a tengu warrior
 16491 | D:14     | Killed a vault guard
 16501 | D:14     | Found a gate to the Vaults.
 16517 | D:14     | Noticed a vault guard
 16521 | D:14     | Killed a griffon
 16533 | D:14     | Killed a vault guard
 16545 | D:14     | Noticed a vault guard
 16552 | D:14     | Killed a vault guard
 16595 | D:14     | Noticed a purple ugly thing
 16596 | D:14     | Noticed a purple ugly thing
 16601 | D:14     | Killed a purple ugly thing
 16606 | D:14     | Killed a purple ugly thing
 16615 | D:14     | Killed a purple ugly thing
 16629 | D:14     | Killed a tengu warrior
 16796 | D:15     | Noticed a yaktaur
 16808 | D:15     | Killed a one-headed hydra
 16810 | D:15     | Killed a yaktaur
 16853 | D:15     | Noticed a frost giant
 16854 | D:15     | Noticed a centaur warrior
 17119 | D:15     | Killed a centaur warrior
 17135 | D:15     | Found a staircase to the Depths.
 17256 | D:11     | Killed a one-headed hydra
 17328 | D:10     | Killed a hill giant
 17423 | Lair:1   | Entered Level 1 of the Lair of Beasts
 17465 | Lair:1   | Learned a level 3 spell: Flight
 17468 | Lair:1   | Learned a level 2 spell: Repel Missiles
 17680 | Lair:1   | Reached skill level 10 in Armour
 17747 | Lair:1   | Reached XP level 15. HP: 126/126 MP: 29/29
 17902 | Lair:2   | Reached skill level 10 in Fighting
 18315 | Lair:3   | Got a slimy platinum amulet
 18316 | Lair:3   | Identified the amulet of Virtue {Stasis rPois rF+ Int-3} (You found it on level 3 of the Lair of Beasts)
 19355 | Lair:5   | Noticed Nergalle
 19366 | Lair:5   | Killed Nergalle
 19644 | Lair:5   | Found a hole to the Spider Nest.
 19850 | Lair:6   | Reached skill level 10 in Invocations
 19921 | Lair:6   | Found a staircase to the Shoals.
 20734 | Lair:7   | Found a glowing golden altar of the Shining One.
 20904 | Lair:8   | Entered Level 8 of the Lair of Beasts
 20920 | Lair:8   | Reached skill level 15 in Axes
 21189 | Lair:8   | Found a staircase to the Slime Pits.
 21268 | Lair:8   | Reached XP level 16. HP: 136/136 MP: 31/31
 21432 | Lair:8   | Noticed Snorg
 21442 | Lair:8   | Killed Snorg
 21683 | Lair:8   | Identified a scroll of acquirement
 21868 | Shoals:1 | Entered Level 1 of the Shoals
 21889 | Shoals:1 | Got an ancient cloak
 21900 | Shoals:1 | Identified the +2 cloak "Ankys" {rElec rPois rF- rC- Int+2 Dex+3} (You acquired it on level 1 of the Shoals)
 21950 | Shoals:1 | Found a burning altar of Makhleb.
 22156 | Shoals:2 | Noticed Aizul
 22187 | Shoals:2 | Killed Aizul
 22292 | Shoals:2 | Reached skill level 16 in Axes
 22410 | Shoals:3 | Learned a level 1 spell: Apportation
 22413 | Shoals:3 | Learned a level 2 spell: Shroud of Golubria
 22417 | Shoals:3 | Learned a level 3 spell: Portal Projectile
 22421 | Shoals:3 | Learned a level 3 spell: Regeneration
 22730 | Shoals:3 | Reached XP level 17. HP: 146/146 MP: 32/32
 22840 | Shoals:5 | Entered Level 5 of the Shoals
 22897 | Shoals:5 | Noticed Ilsuiw
 22908 | Shoals:5 | HP: 3/146 [merfolk aquamancer/great wave of water (23)]
 23306 | Shoals:5 | Got a barnacled rune of Zot
 23496 | Shoals:5 | Found a runed door.
 23706 | Shoals:5 | Found a gateway to a bazaar.
 23763 | Bazaar   | Entered a bazaar
 23763 | Bazaar   | Found Refemputz's Weapon Boutique.
 23763 | Bazaar   | Found Pryubbouk's Antique Armour Shop.
 23763 | Bazaar   | Found Gefiazxi's Armour Shop.
 23777 | Bazaar   | Bought a +1 pair of gloves of archery for 115 gold pieces
 23995 | Shoals:5 | Reached skill level 17 in Axes
 24092 | Shoals:5 | Reached skill level 10 in Dodging
 24211 | Shoals:5 | Killed Ilsuiw
 24421 | Shoals:4 | Upgraded the game from 0.16.1-14-g82efdee to 0.16.1-16-gc44b35d
 24628 | Shoals:4 | Noticed a kraken
 24646 | Shoals:4 | Killed a kraken
 24646 | Shoals:4 | Reached XP level 18. HP: 130/155 MP: 34/34
 25042 | Shoals:1 | Found Kaas' Magic Scroll Shoppe.
 25276 | Lair:1   | Learned a level 1 spell: Summon Butterflies
 25368 | Spider:1 | Entered Level 1 of the Spider Nest
 25368 | Spider:1 | Noticed Nikola
 25547 | D:12     | Killed an orc knight
 25633 | Depths:1 | Entered Level 1 of the Depths
 26007 | Depths:1 | Reached skill level 18 in Axes
 26132 | Depths:1 | Reached XP level 19. HP: 155/163 MP: 35/35
 26180 | Depths:1 | Found a gateway to Hell.
 26234 | Depths:1 | Found a one-way gate leading to the halls of Pandemonium.
 26457 | Depths:2 | Found a one-way gate to the infinite horrors of the Abyss.
 27095 | Depths:2 | Reached skill level 19 in Axes
 27095 | Depths:2 | Reached XP level 20. HP: 174/174 MP: 36/36
 27109 | Depths:2 | Noticed a golden dragon
 27128 | Depths:2 | Killed a golden dragon
 27334 | Depths:2 | Got an encrusted plate armour
 27340 | Depths:2 | Identified the +6 plate armour "Xunt" {rN+} (You found it on level 2 of the Depths)
 27454 | D:15     | Killed a frost giant
 27696 | Elf:1    | Entered Level 1 of the Elven Halls
 27759 | Elf:1    | Noticed Agnes
 27768 | Elf:1    | Killed Agnes
 27817 | Elf:1    | Found a magical portal.
 27822 | WizLab   | Entered Tukima's Studio
 28234 | Elf:1    | Found Kaduw's Weapon Shop.
 28432 | Elf:1    | Reached skill level 15 in Armour
 28490 | Elf:1    | Got a brightly glowing brass ring
 28718 | Elf:3    | Entered Level 3 of the Elven Halls
 28763 | Elf:2    | Found Pnauhy's Distillery.
 28804 | Elf:2    | Found a runed gate.
 28805 | Elf:2    | Found a runed gate.
 28805 | Elf:2    | Found a runed gate.
 28868 | Elf:2    | Noticed Frances
 28911 | Elf:2    | Killed Frances
 29096 | Elf:2    | Reached skill level 15 in Fighting
 29110 | Elf:2    | Reached XP level 21. HP: 184/184 MP: 37/37
 29400 | Elf:2    | Identified the ring "Pigruaqu" {rF+ rC+ Dex+4} (You found it on level 1 of the Elven Halls)
 29591 | Elf:3    | Identified a +9 rod of clouds (9/9) (You found it in a wizard's laboratory)
 29633 | Elf:3    | Found Zaobab's Armour Boutique.
 29809 | Elf:3    | Reached skill level 20 in Axes
 29845 | Elf:3    | Got a brightly glowing lead amulet
 30024 | Elf:3    | Noticed Jorgrun
 30031 | Elf:3    | Killed Jorgrun
 30322 | Elf:3    | Cast into the Abyss (a deep elf demonologist)
 30322 | Abyss:1  | Found a corrupted altar of Lugonu.
 30765 | Abyss:3  | Gained mutation: Your body is slowly deteriorating. [a neqoxec]
 30925 | Abyss:5  | Entered Level 5 of the Abyss
 30956 | Abyss:5  | Found a corrupted altar of Lugonu.
 30981 | Abyss:5  | Got an abyssal rune of Zot
 31006 | Abyss:5  | Gained mutation: Armour fits poorly on your strangely shaped body. [a neqoxec]
 31038 | Abyss:5  | Reached XP level 22. HP: 73/194 MP: 33/33
 31064 | Abyss:5  | Lost mutation: Your body is slowly deteriorating. [potion of cure mutation]
 31064 | Abyss:5  | Lost mutation: Armour fits poorly on your strangely shaped body. [potion of cure mutation]
 31064 | Abyss:5  | Lost mutation: You are clumsy. (Dex -2) [potion of cure mutation]
 31340 | Abyss:5  | Reached skill level 21 in Axes
 31443 | Elf:3    | Escaped the Abyss
 31799 | Elf:3    | Cast into the Abyss (a deep elf demonologist)
 31834 | Abyss:1  | Identified the amulet "Jefoisch" {Gourm +Inv rElec rN++ Str-2} (You took it off a deep elf demonologist on level 3 of the Elven Halls)
 31978 | Elf:3    | Escaped the Abyss
 32010 | Elf:3    | Got a brightly glowing emerald amulet
 32012 | Elf:3    | Identified the amulet of Funarod {rCorr +Inv rElec rC+ Int+2 Stlth-} (You took it off a deep elf demonologist on level 3 of the Elven Halls)
 33312 | Depths:4 | Reached XP level 23. HP: 204/204 MP: 38/38
 33458 | Depths:4 | Got a pair of steaming boots
 33464 | Depths:4 | Identified the cursed -5 pair of boots of the Pleiades {rElec Str-5 Dex+4} (You found it on level 4 of the Depths)
 34083 | Depths:3 | Found Chiul's Magic Scroll Boutique.
 34200 | Depths:3 | Found a gateway to a ziggurat.
 34639 | Depths:4 | Got a crude lajatang
 34829 | Depths:5 | Entered Level 5 of the Depths
 35012 | Depths:5 | Reached skill level 22 in Axes
 35028 | Depths:5 | Found a gate to the Realm of Zot.
 35195 | Depths:5 | Reached XP level 24. HP: 214/214 MP: 38/38
 35858 | Vaults:1 | Entered Level 1 of the Vaults
 36761 | Vaults:1 | Found Ysujej's Antique Weapon Boutique.
 36961 | Vaults:2 | Reached skill level 23 in Axes
 37172 | Vaults:2 | Reached skill level 15 in Dodging
 37275 | Vaults:2 | Reached XP level 25. HP: 224/224 MP: 39/39
 37423 | Vaults:2 | Found a staircase to the Crypt.
 37423 | Vaults:2 | Found an ancient bone altar of Kikubaaqudgha.
 37424 | Vaults:2 | Found a basalt altar of Yredelemnul.
 37767 | Vaults:3 | Noticed Rupert
 37780 | Vaults:3 | Killed Rupert
 38570 | Vaults:3 | Noticed Mennas
 38604 | Vaults:3 | Killed Mennas
 39654 | Vaults:4 | Reached XP level 26. HP: 234/234 MP: 39/39
 39666 | Vaults:4 | Reached skill level 24 in Axes
 39727 | Vaults:4 | Found Gruism's General Store.
 39801 | Vaults:5 | Entered Level 5 of the Vaults
 40217 | Vaults:5 | Reached XP level 27. HP: 165/244 MP: 40/40
 40269 | Vaults:5 | Noticed an ancient lich
 40618 | Vaults:5 | Noticed an ancient lich
 40624 | Vaults:5 | Killed an ancient lich
 40624 | Vaults:5 | Reached skill level 25 in Axes
 40628 | Vaults:5 | Killed an ancient lich
 40638 | Vaults:5 | Found Caxas' Food Shoppe.
 40662 | Vaults:5 | Found Plog's Food Boutique.
 40697 | Vaults:5 | Found Xown's Distillery.
 40911 | Vaults:5 | Identified the Compendium of Weightlessness and Arcane Weapons
 40965 | Vaults:5 | Got a pair of slimy gloves
 40971 | Vaults:5 | Identified the +1 pair of gloves of the Devil {rElec rPois Int+4 Dex-4} (You found it on level 5 of the Vaults)
 41773 | Vaults:5 | Got a silver rune of Zot
 42416 | Depths:1 | Found a runed door.
 42430 | Depths:1 | Found a radiant altar of Vehumet.
 42430 | Depths:1 | Noticed an ancient lich
 42430 | Depths:1 | Noticed a lich
 42430 | Depths:1 | Noticed a lich
 42436 | Depths:1 | Killed a lich
 42437 | Depths:1 | Killed a lich
 42440 | Depths:1 | Killed an ancient lich
 42453 | Depths:1 | Identified the Guide on Battle Magic (You found it on level 1 of the Depths)
 42733 | Lair:1   | Learned a level 5 spell: Phase Shift
 43371 | Vaults:4 | Bought a book of Battle for 600 gold pieces
 43375 | Vaults:4 | Learned a level 3 spell: Spectral Weapon
 43778 | Spider:1 | Killed Nikola
 44196 | Spider:2 | Reached skill level 1 in Translocations
 44870 | Spider:3 | Noticed Louise
 44881 | Spider:3 | Killed Louise
 45256 | Spider:5 | Entered Level 5 of the Spider Nest
 45653 | Spider:5 | Reached skill level 26 in Axes
 45821 | Spider:5 | Got a gossamer rune of Zot
 46470 | Zig:1    | Entered Level 1 of a ziggurat
 46495 | Zig:1    | Reached skill level 1 in Throwing
 46504 | Zig:2    | Entered Level 2 of a ziggurat
 46544 | Zig:3    | Entered Level 3 of a ziggurat
 46574 | Zig:4    | Entered Level 4 of a ziggurat
 46594 | Zig:5    | Entered Level 5 of a ziggurat
 46627 | Zig:6    | Entered Level 6 of a ziggurat
 46657 | Zig:6    | Got a faintly glowing jade ring
 46658 | Zig:6    | Identified the ring "Prisho" {SustAb rN+ MR+ Str+7 Dex-5 Slay+2} (You found it on level 6 of a ziggurat)
 46667 | Zig:7    | Entered Level 7 of a ziggurat
 46718 | Zig:8    | Entered Level 8 of a ziggurat
 46785 | Zig:8    | Identified the Handbook of the Toxic Compass (You found it on level 8 of a ziggurat)
 46794 | Zig:8    | Identified the Reference Book on Flying Conjuration
 47011 | Zig:9    | Entered Level 9 of a ziggurat
 47134 | Zig:9    | Reached skill level 1 in Spellcasting
 47162 | Zig:9    | Reached skill level 5 in Throwing
 47162 | Zig:9    | Reached skill level 5 in Translocations
 47337 | Zig:10   | Entered Level 10 of a ziggurat
 47349 | Zig:10   | Noticed Pyureqe the pandemonium lord
 47355 | Zig:10   | Gained mutation: You expend magic power (3 MP) to slightly strengthen your wands. [a cacodemon]
 47360 | Zig:10   | Killed Pyureqe the pandemonium lord
 47386 | Zig:10   | Identified Qeadudog's Incunabulum of Displacement and the Glacier
 47394 | Zig:10   | Learned a level 2 spell: Cure Poison
 47399 | Zig:10   | Learned a level 4 spell: Passage of Golubria
 47405 | Zig:10   | Learned a level 5 spell: Gell's Gravitas
 47759 | Zig:11   | Entered Level 11 of a ziggurat
 47768 | Zig:11   | Noticed Loxa the pandemonium lord
 47780 | Zig:11   | Noticed Inleecash the pandemonium lord
 47786 | Zig:11   | Killed Inleecash the pandemonium lord
 47791 | Zig:11   | Killed Loxa the pandemonium lord
 47821 | Zig:11   | Reached skill level 5 in Spellcasting
 47840 | Zig:11   | Identified the Disquisition on Scorching Confrontation (You found it on level 11 of a ziggurat)
 47858 | Zig:11   | Got a faintly glowing platinum ring
 47859 | Zig:11   | Identified the cursed ring of Utatemp {rElec rN+ EV-3 Str+2} (You found it on level 11 of a ziggurat)
 47868 | Zig:12   | Entered Level 12 of a ziggurat
 47928 | Zig:12   | Got a faintly glowing glass ring
 47930 | Zig:12   | Identified the ring of the Hundredfold Ghosts {+Inv rPois rC- Int+2 SInv Stlth-} (You found it on level 12 of a ziggurat)
 47939 | Zig:12   | Identified Geuduost's Almanac of Mutagenic Combat Magic
 47962 | Zig:12   | Got a steaming brass ring
 47963 | Zig:12   | Identified the ring of the Worm {+Fly Dex+4} (You found it on level 12 of a ziggurat)
 47974 | Zig:13   | Entered Level 13 of a ziggurat
 47995 | Zig:13   | HP: 7/248 [oklob plant/splash of acid (11)]
 47995 | Zig:13   | Splashed by an oklob plant's acid

Action                   |  1- 3 |  4- 6 |  7- 9 | 10-12 | 13-15 | 16-18 | 19-21 | 22-24 | 25-27 || total
-------------------------+-------+-------+-------+-------+-------+-------+-------+-------+-------++-------
Melee: War axe           |    65 |   244 |   477 |   682 |       |       |       |       |       ||  1468
       Unarmed           |       |       |     1 |       |       |       |       |       |       ||     1
       Battleaxe         |       |       |       |   478 |  1021 |  1255 |  1227 |  1516 |   468 ||  5965
       Scimitar          |       |       |       |       |    42 |       |       |       |       ||    42
       Executioner's axe |       |       |       |       |       |       |       |       |  1033 ||  1033
Throw: Tomahawk          |       |       |       |       |     4 |       |       |       |    62 ||    66
       Javelin           |       |       |       |       |       |       |     3 |       |     6 ||     9
 Cast: Flight            |       |       |       |       |       |       |     1 |       |       ||     1
Invok: Slouch            |       |       |       |     1 |     5 |     4 |     5 |     4 |     7 ||    26
       Step From Time    |       |       |       |       |     2 |     2 |     2 |     3 |     1 ||    10
       Bend Time         |       |       |       |       |     1 |     4 |     2 |       |     2 ||     9
       Temporal Distorti |       |       |       |       |       |       |       |     6 |       ||     6
 Abil: Dig               |     3 |     8 |    17 |    35 |    36 |    18 |    35 |    17 |    27 ||   196
       Shaft Self        |       |       |     9 |     4 |     2 |       |       |       |       ||    15
Evoke: Wand              |       |       |       |       |       |       |     1 |       |     1 ||     2
  Use: Potion            |       |       |     6 |       |       |     2 |     4 |     5 |     4 ||    21
       Scroll            |       |       |       |    10 |     8 |    14 |     6 |     4 |    16 ||    58
 Stab: Distracted        |       |       |       |       |     1 |     1 |     2 |     1 |     1 ||     6
       Petrified         |       |       |       |       |       |       |       |     2 |       ||     2
  Eat: Chunk             |       |     6 |    19 |    19 |    13 |     5 |    14 |     8 |    28 ||   112
       Fruit             |       |       |     3 |     1 |       |       |     1 |     4 |     2 ||    11
       Bread ration      |       |       |       |     2 |     5 |       |     1 |     1 |       ||     9
       Beef jerky        |       |       |       |       |     4 |     4 |     2 |     2 |     1 ||    13
       Pizza             |       |       |       |       |     3 |     1 |       |       |     1 ||     5
       Royal jelly       |       |       |       |       |       |     2 |       |     1 |       ||     3
